 Dungeon Crawl Stone Soup version 0.31-a0-986-g5e6e4ef867 (webtiles) character file.

Game seed: 7172524891159285877

71 horus123 the Trooper (level 4, 0/38 HPs)
             Began as a Merfolk Gladiator on Nov 22, 2023.
             Slain by Pargi (1 damage)
             ... in a sewer on Nov 23, 2023.
             The game lasted 00:04:19 (1666 turns).

horus123 the Trooper (Merfolk Gladiator)            Turns: 1666, Time: 00:04:19

Health: 0/38       AC:  4    Str: 14    XL:     4   Next: 24%
Magic:  4/4        EV: 13    Int: 15    God:
Gold:   165        SH:  0    Dex: 15    Spells: 3/3 levels left

rFire   . . .        a - +0 trident
rCold   . . .        (no shield)
rNeg    . . .        b - +0 leather armour
rPois   .            c - +0 helmet
rElec   .            (no cloak)
rCorr   .            (no gloves)
SInv    .            (no boots)
Will    .....        (no amulet)
Stlth   +            g - +6 ring of intelligence
HPRegen 0.26/turn    (no ring)
MPRegen 0.09/turn

%: no passive effects
@: mighty
A: (nimble swimmer 2), mertail
a: no special abilities


You were in a sewer.
You visited 1 branch of the dungeon, and saw 3 of its levels.
You also visited: Sewer.

You collected 165 gold pieces.

Inventory:

Hand Weapons
 a - a +0 trident (weapon)
Missiles
 d - 3 throwing nets (quivered)
 e - a javelin
Armour
 b - a +0 leather armour (worn)
 c - a +0 helmet (worn)
Magical Staves
 k - a staff of conjuration
Jewellery
 g - a +6 ring of intelligence (left hand)
Scrolls
 l - a scroll of fear {unknown}
 m - a scroll of immolation {unknown}
 n - a scroll of identify {unknown}
Potions
 f - a potion of curing
 i - a potion of heal wounds {unknown}
 j - a potion of brilliance {unknown}


   Skills:
 + Level 4.8 Fighting
 - Level 4.0 Polearms
 - Level 2.0 Throwing
 - Level 4.0 Dodging


You had 3 spell levels left.
You didn't know any spells.
Your spell library contained the following spells:

 Spells                   Type           Power      Damage    Failure   Level
 Dazzling Flash           Conj/Hex       0%         N/A       71%         3
 Agony                    Necr           0%         N/A       100%        5
 Silence                  Hex/Air        0%         N/A       100%        5


Dungeon Overview and Level Annotations

Branches:
Dungeon (3/15)              Sewer (1/1)

Altars:

Annotations:
Sewer Pargi


Innate Abilities, Weirdness & Mutations

((You are very nimble when in or above water. (Stealth+, EV+, Speed+++)))
Your lower body shifts to a powerful aquatic tail in water.


Message History

Pargi is heavily wounded.
Pargi bites you.
* * * LOW HITPOINT WARNING * * *
Pargi claws you.
* * * LOW HITPOINT WARNING * * *
Pargi claws you but does no damage.
It was a potion of curing.
You feel better. Pargi bites you. Pargi barely misses you. Pargi claws you.
It was a potion of might.
You feel very mighty all of a sudden. Pargi bites you. Pargi claws you.
Pargi barely misses you.
You hit Pargi.
Pargi is heavily wounded.
Pargi bites you.
* * * LOW HITPOINT WARNING * * *
Pargi closely misses you. Pargi claws you but does no damage.
You barely miss Pargi. Your punch misses Pargi.
Pargi is heavily wounded.
Pargi closely misses you. Pargi claws you.
* * * LOW HITPOINT WARNING * * *
Pargi claws you.
* * * LOW HITPOINT WARNING * * *
You puncture Pargi!
Pargi is severely wounded.
Pargi bites you.
* * * LOW HITPOINT WARNING * * *
Pargi misses you. Pargi claws you but does no damage.
You hit Pargi.
Pargi is almost dead.
Pargi closely misses you. Pargi misses you. Pargi barely misses you.
You closely miss Pargi.
Pargi is almost dead.
Pargi bites you.
* * * LOW HITPOINT WARNING * * *
Pargi closely misses you. Pargi claws you.
* * * LOW HITPOINT WARNING * * *
You hit Pargi.
Pargi is almost dead.
Pargi bites you.
You die...

##...## ##.## #.#
#.# #.# ###### #.#
#.....# #.# ......$
########.####.....$!
#∩.........@T.....!$
#############.....$$
......$ #.....#
######


You could see Pargi.

Vanquished Creatures
  A river rat (D:3)
  2 dart slugs (D:1)
  8 bats
  6 endoplasms
  2 giant cockroaches
  6 goblins
  5 hobgoblins
  3 jackals (D:1)
  4 quokkas
  4 ball pythons (D:1)
  3 frilled lizards
  3 kobolds
  5 rats
52 creatures vanquished.

Notes
Turn   | Place    | Note
-------+----------+-------------------------------------------
     0 | D:1      | horus123 the Merfolk Gladiator began the quest for the Orb.
     0 | D:1      | Reached XP level 1. HP: 16/16 MP: 1/1
    69 | D:1      | Reached XP level 2. HP: 15/23 MP: 2/2
   184 | D:1      | You fall into a shaft and drop 1 floor!
   328 | D:1      | Reached XP level 3. HP: 26/30 MP: 3/3
  1392 | D:3      | Reached XP level 4. HP: 29/38 MP: 4/4
  1460 | D:3      | Found a glowing drain.
  1610 | Sewer    | Entered a sewer
  1642 | Sewer    | Noticed Pargi
  1665 | Sewer    | HP: 1/38 [Pargi (1)]
  1666 | Sewer    | Slain by Pargi

Illustrated notes

Levels and vault maps discovered:
D:1:      ncdulo_watergridlock, layout_loops_cross
D:2:      layout_loops_ring
D:3:      layout_basic, lemuel_coloured_pillars_altar, serial_shops, shop,
          gup_sewer_entry_spiral
Sewer:    sewer_big_baddie

Skill      XL: |  1  2  3 |
---------------+----------+-----
Fighting       | 3 4 |  4.8
Polearms       | |  4.0
Throwing       | |  2.0
Dodging        | |  4.0

Action                     |  1- 3 |  4- 6 || total
---------------------------+-------+-------++-------
  Melee: Trident           |   130 |    25 ||   155
         Punch             |     1 |       ||     1
         Staff             |     7 |     4 ||    11
         Tailslap          |     3 |     1 ||     4
    Use: Potion            |       |     2 ||     2
   Stab: Sleeping          |     8 |     1 ||     9
 Armour: Leather armour    |    40 |    34 ||    74
  Dodge: Dodged            |    67 |    42 ||   109

Table legend: (Time is in decaauts)
 A = Elapsed time spent in this place.
 B = Non-inter-level travel time spent in this place.
 C = Inter-level travel time spent in this place.
 D = Time resting spent in this place.
 E = Time spent auto-exploring this place.
 F = Levels seen in this place.
 G = Mean time per level.
                   A        B        C        D        E       F      G
               +--------+--------+--------+--------+--------+-----+--------+
         Total |   1642 |   1575 |     67 |      0 |   1153 |   4 |  410.5 |
       Dungeon |   1584 |   1517 |     67 |      0 |   1153 |   3 |  528.0 |
         Sewer |     57 |     57 |      0 |      0 |      0 |   1 |   57.0 |
               +--------+--------+--------+--------+--------+-----+--------+

Top non-repeatable levels by time:
     D:1: 807 daAuts
     D:2: 543 daAuts
     D:3: 233 daAuts
   Sewer: 57 daAuts
